 Dungeon Crawl Stone Soup version 0.27.1-4-g1640c2035a (webtiles) character file.

Game seed: 9079346257177176922

5156 pkoi the Ruffian (level 10, -4/88 HPs)
             Began as a Troll Transmuter on Nov 9, 2021.
             Was a High Priest of Vehumet.
             Slain by an orc warrior (5 damage)
             ... on level 9 of the Dungeon.
             The game lasted 00:11:53 (7126 turns).

pkoi the Ruffian (Troll Transmuter)                 Turns: 7126, Time: 00:11:54

Health: -4/88      AC:  6    Str: 22    XL:     10   Next: 33%
Magic:  14/14      EV: 10    Int: 10    God:    Vehumet [*****.]
Gold:   169        SH:  0    Dex: 10    Spells: 5/15 levels left

rFire    . . .     SeeInvis .     - Unarmed
rCold    . . .     Faith    .   (no shield)
rNeg     . . .     Spirit   .   b - +0 troll leather armour {Purgy}
rPois    .         Reflect  .   (helmet currently unavailable)
rElec    .         Harm     .   e - scarf {shadows}
rCorr    .         Rampage  .   (gloves unavailable)
Will     .....                  (boots unavailable)
Stlth    +.........             D - amulet of regeneration
HPRegen  3.24/turn              p - +4 ring of slaying
MPRegen  0.14/turn              (no ring)

@: appendages, wereblooded
A: horns 2, talons 2, large, unfitting armour, claws 3, regeneration 1, shaggy
fur 1, tough skin 1
a: End Transformation, Renounce Religion


You were on level 9 of the Dungeon.
You worshipped Vehumet.
Vehumet was extremely pleased with you.
You had temporarily grown beastly horns and talons.
You visited 1 branch of the dungeon, and saw 9 of its levels.
You also visited: Sewer.

You collected 533 gold pieces.
You spent 364 gold pieces at shops.

Inventory:

Missiles
 l - 7 curare-tipped darts
 q - 6 boomerangs
Armour
 a - a +1 robe
 b - a +0 troll leather armour (worn) {Purgy}
 e - a scarf of shadows (worn)
 k - a +0 hat (melded)
Jewellery
 p - a +4 ring of slaying (left claw)
 D - an amulet of regeneration (around neck)
Wands
 t - a wand of flame (20)
 w - a wand of iceblast (18)
 x - a wand of polymorph (7)
 z - a wand of mindburst (14)
Scrolls
 c - 3 scrolls of enchant armour
 g - 4 scrolls of teleportation
 i - a scroll of immolation
 m - 3 scrolls of fear
 s - a scroll of magic mapping
 u - 2 scrolls of blinking
 v - 3 scrolls of fog
 y - 5 scrolls of identify
 A - 2 scrolls of enchant weapon
 C - a scroll of amnesia {unknown}
Potions
 d - 5 potions of curing
 f - 5 potions of haste
 h - a potion of ambrosia
 j - 5 potions of heal wounds
 n - a potion of lignification
 o - a potion of cancellation
 r - 2 potions of mutation
 B - a potion of resistance


   Skills:
 - Level 2.5 Fighting
 - Level 2.2 Armour
 + Level 4.3 Dodging
 + Level 7.5 Unarmed Combat
 + Level 3.4 Spellcasting
 + Level 2.9 Conjurations
 + Level 4.9 Transmutations
 + Level 2.7 Ice Magic
 + Level 2.6 Air Magic
 + Level 3.0 Poison Magic
 - Level 2.0 Evocations


You had 5 spell levels left.
You knew the following spells:

 Your Spells              Type           Power      Damage    Failure   Level
a - Beastly Appendage     Tmut           22%        N/A       4%          1
b - Wereblood             Tmut           11%        N/A       6%          2
c - Mephitic Cloud        Conj/Pois/Air  7%         N/A       8%          3
d - Ice Form              Ice/Tmut       9%         N/A       54%         4

Your spell library contained the following spells:

 Spells                   Type           Power      Damage    Failure   Level
 Conjure Ball Lightning   Conj/Air       3%         3x3d6     96%         6
 Spider Form              Tmut/Pois      4%         N/A       19%         3
 Blink                    Tloc           N/A        N/A       43%         2
 Manifold Assault         Tloc           1%         N/A       100%        5
 Storm Form               Tmut/Air       4%         N/A       100%        7


Dungeon Overview and Level Annotations

Branches:
Dungeon (9/15)             Temple (0/1) D:7           Sewer (visited)
   Lair: D:8-11         Orc: D:9-12

Altars:
Ashenzari
Gozag
Kikubaaqudgha
Makhleb
Qazlal
Ru
Trog
Uskayaw
Vehumet
Yredelemnul
Zin

Shops:
D:4 *   D:6 !   D:8 =


Innate Abilities, Weirdness & Mutations

You have temporarily grown beastly horns and talons.
You are too large for most types of armour.
You have claws for hands.
Your natural rate of healing is unusually fast.
You are covered in fur. (AC +1)
You have tough skin. (AC +1)


Message History

You scratch the centaur. You claw the centaur! You headbutt the centaur!
The centaur is almost dead.
The centaur closely misses you. The centaur misses you.
Unknown command.
You claw the centaur!
You kill the centaur!
Vehumet accepts your kill.
A howler monkey comes into view.
Unknown command.
You barely miss the two-headed ogre.
The howler monkey howls!
You claw the two-headed ogre.
The two-headed ogre is lightly wounded.
You hear an angry hiss.
The two-headed ogre hits you with a +0 giant club!! x2
Unknown command.
You mangle the two-headed ogre!!
The two-headed ogre is heavily wounded.
Unknown command.
You barely miss the two-headed ogre. Your kick misses the two-headed ogre.
You headbutt the two-headed ogre.
The two-headed ogre is heavily wounded.
The two-headed ogre hits you with a +0 giant club!!
* * * LOW HITPOINT WARNING * * *
The two-headed ogre hits you with a +0 giant club!
* * * LOW HITPOINT WARNING * * *
The orc warrior hits you from afar with a +0 halberd!
* * * LOW HITPOINT WARNING * * *
A wyvern comes into view.
The wyvern hisses angrily.
You barely miss the two-headed ogre. You claw the two-headed ogre!
You headbutt the two-headed ogre!
The two-headed ogre is almost dead.
You howl as the wereblood boils in your veins!
The howler monkey hoots and howls with incredible vigour!
The two-headed ogre hits you with a +0 giant club!
* * * LOW HITPOINT WARNING * * *
The two-headed ogre closely misses you.
The orc warrior hits you from afar with a +0 halberd.
You die... #.# ♣.F♣ ?$ #.##. #.# .. ♣..♣♣♣♣$! #.... #.# #KO

♣......# ####. #.#
..♣♣..l... ########.
#.# #o.##F.#
#........ #.#
#..##h.# ########..
#.# #oO# ..........
##.# #####OC#
..######.. .#.#
#...@#..# ##<..
.#.##########....##.#
#....
.#...............# .#
##.#.
.############...)....
#.#. .# #.......... #
#.#. .#
##........##.# #.#.
.#### #.#.##.#.##.###
#.#. ....#
#.#.##.#...... ...
###.#
#......#..(....##.#


You could see 2 two-headed ogres, a cyclops, an orc warrior, a wyvern, a
bullfrog and a howler monkey (catching breath).

Vanquished Creatures
  Joseph (D:8)
  Maggie (D:7)
  A hornet (D:7)
  Prince Ribbit (D:5)
  3 wyverns
  A steam dragon (D:6)
  Menkaure (D:7)
  Purgy (Sewer)
  A black bear (D:5)
  An ice beast (D:6)
  2 orc warriors
  An ogre (D:5)
  4 necrophages
  A phantom (D:6)
  2 centaurs
  2 kobold brigands
  A bullfrog (D:6)
  2 wyvern zombies
  A scorpion (D:6)
  A wyvern skeleton (D:7)
  A water moccasin zombie (D:6)
  3 water moccasin skeletons (D:4)
  3 killer bees
  A wight (D:6)
  9 centaur zombies
  A human zombie (D:6)
  A gnoll shaman (D:5)
  4 hounds
  A jelly (D:4)
  2 centaur skeletons (D:5)
  4 orc priests
  2 bullfrog zombies (D:6)
  11 orc wizards
  5 iguanas
  3 killer bee zombies
  A hound skeleton (D:4)
  6 howler monkey zombies
  2 mummies (D:6)
  12 adders
  2 river rats (D:4)
  2 ufetubi
  7 worms
  2 dart slugs
  28 orcs
  2 endoplasms
  5 giant cockroaches
  2 goblins
  5 hobgoblins
  2 quokkas
  11 ball pythons
  5 bats
  4 frilled lizards
  7 kobolds
  6 rats
191 creatures vanquished.

Vanquished Creatures (others)
  An orc wizard (D:5)
  A goblin (D:4)
2 creatures vanquished.

Grand Total: 193 creatures vanquished

Notes
Turn   | Place    | Note
-------+----------+-------------------------------------------
     0 | D:1      | pkoi the Troll Transmuter began the quest for the Orb.
     0 | D:1      | Reached XP level 1. HP: 18/18 MP: 1/1
   167 | D:1      | Reached XP level 2. HP: 26/26 MP: 2/2
   394 | D:1      | Learned a level 2 spell: Wereblood
   508 | D:1      | Found a faded altar of an unknown god.
   688 | D:1      | Became a worshipper of Vehumet
   688 | D:1      | Reached * piety under Vehumet
   688 | D:1      | Offered knowledge of Freeze by Vehumet.
   953 | D:2      | Reached skill level 4 in Unarmed Combat
   964 | D:2      | Reached XP level 3. HP: 32/32 MP: 3/3
  1336 | D:3      | Found a stormy altar of Qazlal.
  1724 | D:3      | Found a sacrificial altar of Ru.
  1795 | D:3      | Reached XP level 4. HP: 40/40 MP: 4/4
  1844 | D:3      | Found a hide-covered altar of Uskayaw.
  2344 | D:4      | Reached XP level 5. HP: 42/46 MP: 5/5
  2349 | D:4      | Reached skill level 5 in Unarmed Combat
  2465 | D:4      | Found Xarigh's General Store.
  2488 | D:4      | Offered knowledge of Poisonous Vapours by Vehumet.
  2536 | D:4      | Reached ** piety under Vehumet
  2573 | D:4      | Reached XP level 6. HP: 54/54 MP: 7/7
  2593 | D:4      | Found a glowing drain.
  2597 | Sewer    | Entered a sewer
  2660 | Sewer    | Noticed Purgy
  2675 | Sewer    | Killed Purgy
  2805 | D:4      | Reached skill level 1 in Fighting
  3476 | D:5      | Entered Level 5 of the Dungeon
  3516 | D:4      | Reached XP level 7. HP: 60/62 MP: 8/8
  3611 | D:5      | Offered knowledge of Mephitic Cloud by Vehumet.
  3700 | D:5      | Reached skill level 1 in Armour
  3773 | D:5      | Reached skill level 6 in Unarmed Combat
  3856 | D:5      | Found a burning altar of Makhleb.
  3893 | D:5      | Reached skill level 1 in Evocations
  3983 | D:5      | Reached *** piety under Vehumet
  4031 | D:5      | Noticed a moth of wrath
  4034 | D:5      | Found a bloodstained altar of Trog.
  4068 | D:5      | Learned a level 3 spell: Mephitic Cloud
  4108 | D:5      | Noticed Prince Ribbit
  4121 | D:5      | Killed Prince Ribbit
  4122 | D:5      | Reached XP level 8. HP: 44/72 MP: 10/10
  4447 | D:6      | Learned a level 4 spell: Ice Form
  4462 | D:6      | Reached skill level 1 in Conjurations
  4476 | D:6      | Reached skill level 1 in Air Magic
  4476 | D:6      | Reached skill level 1 in Poison Magic
  4545 | D:6      | Offered knowledge of Olgreb's Toxic Radiance by Vehumet.
  4598 | D:6      | Found Wuzir's Distillery.
  4607 | D:6      | Bought a potion of resistance for 140 gold pieces
  4607 | D:6      | Bought a potion of heal wounds for 70 gold pieces
  4607 | D:6      | Bought a potion of curing for 42 gold pieces
  4862 | D:6      | Bought a potion of mutation for 112 gold pieces
  5020 | D:6      | Reached XP level 9. HP: 80/80 MP: 11/11
  5022 | D:6      | Reached skill level 1 in Ice Magic
  5030 | D:6      | Found an ancient bone altar of Kikubaaqudgha.
  5121 | D:6      | Reached **** piety under Vehumet
  5347 | D:7      | Offered knowledge of Dazzling Flash by Vehumet.
  5506 | D:7      | Found a glowing silver altar of Zin.
  5534 | D:7      | Noticed Menkaure
  5539 | D:7      | Killed Menkaure
  5724 | D:7      | Reached skill level 7 in Unarmed Combat
  5785 | D:7      | Identified the +6 great mace of Modesty {flame, rF++
                  | Stlth-}
  5916 | D:7      | Noticed Maggie
  5923 | D:7      | Killed Maggie
  6011 | D:7      | Found a staircase to the Ecumenical Temple.
  6189 | D:8      | Noticed Joseph
  6214 | D:8      | Killed Joseph
  6276 | D:8      | Found Kyacoid's Jewellery Shop.
  6352 | D:8      | Reached XP level 10. HP: 84/88 MP: 13/13
  6772 | D:9      | Found an opulent altar of Gozag.
  6894 | D:9      | Found a broken altar of Ashenzari.
  7016 | D:9      | Reached ***** piety under Vehumet
  7017 | D:9      | Found a basalt altar of Yredelemnul.
  7028 | D:9      | Offered knowledge of Conjure Ball Lightning by Vehumet.
  7113 | D:9      | Noticed a cyclops
  7113 | D:9      | Noticed a two-headed ogre
  7114 | D:9      | Noticed a two-headed ogre
  7126 | D:9      | HP: 1/88 [two-headed ogre (9)]
  7126 | D:9      | Slain by an orc warrior

Illustrated notes

Levels and vault maps discovered:
D:1:      sevenhm_arrival_forest_fort_large_2, layout_basic,
          dilly_ecumenical_altar_fadedgnrine
D:2:      layout_rooms, chequers_serial_rivers_micro_b
D:3:      layout_basic, eat_drink_and_be_merry_uskayaw, general_overflow_altar,
          nicolae_ru_sacrificial_ziggurat, kennysheep_generic_room_10
D:4:      layout_layer_cave, serial_shops, shop, gup_sewer_entry_spiral
D:5:      black_bear_nest_2, layout_loops_ring, tgw_trog,
          lemuel_coloured_pillars_altar, minmay_misc_feat_roman,
          kennysheep_generic_room_11, uniq_prince_ribbit1
D:6:      layout_loops_cross, lemuel_mausoleum_altar_kikubaaqudgha,
          serial_shops, nicolae_shop_temple_entry_statues_fountains,
          kennysheep_nub
D:7:      layout_loops_ring, lemuel_crystal_altar, temple_statues,
          uniq_menkaure, uniq_maggie
D:8:      layout_rooms, serial_shops, shop, uniq_joseph
D:9:      minmay_bloctagon, layout_loops_ring, mainiacjoe_overflow_paths,
          kennysheep_mini, nicolae_yredelemnul_corpse_copse

Skill      XL: |  1  2  3  4  5  6  7  8  9 10 |
---------------+-------------------------------+-----
Unarmed Combat | 4 5 6 7 |  7.5
Transmutations | 2 3 4 |  4.9
Fighting       | 1 2 |  2.5
Dodging        | 2 3 4 |  4.3
Spellcasting   | 2 3 |  3.4
Armour         | 1 2 |  2.2
Evocations     | 1 2 |  2.0
Conjurations   | 1 2 |  2.9
Air Magic      | 1 2 |  2.6
Poison Magic   | 1 2 3 |  3.0
Ice Magic      | 2 |  2.7

Action                   |  1- 3 |  4- 6 |  7- 9 | 10-12 || total
-------------------------+-------+-------+-------+-------++-------
Melee: Unarmed           |    83 |   112 |   313 |    99 ||   607
       Punch             |     1 |     4 |     6 |     5 ||    16
       Kick              |       |       |     5 |     6 ||    11
       Headbutt          |       |       |     4 |     5 ||     9
 Cast: Beastly Appendage |       |       |     2 |     2 ||     4
       Wereblood         |       |       |     1 |     3 ||     4
  Use: Scroll            |       |     9 |     4 |       ||    13
       Potion            |       |       |     5 |       ||     5
Armor: Robe              |    22 |    24 |       |       ||    46
       Troll leather arm |       |    19 |    89 |    45 ||   153
Dodge: Dodged            |    37 |    54 |   150 |    69 ||   310
